AoeStats
← Mointez

Arabia

510012333Analyzed
1v1 RM · 5d ago on Sep 29, 2026· 17m 59s· 2 players
Game mode
Random Map
Map size
Tiny (2 player)
Population
200
Speed
Normal
Resources
Standard
Victory
Conquest
Starting age
Dark Age
Ending age
Imperial Age
RankedLock teamsTeams togetherTeam positionsShared explorationLock speedFull tech treeHidden civsTurbo modeCheats
Victory
Defeat
🇵🇪 Vikings · Peru
1230
+16
🇺🇸 Berbers · United States
1236
-16
SanMartin1821
6:19 Loom
9:01 Feudal Age
9:40 Double-Bit Axe
14:53 Horse Collar
17:16 Fletching
17:48 Padded Archer Armor
Mointez
6:39 Loom
9:30 Feudal Age
9:34 Man-at-Arms
19:07 Castle Age
Connection lost

Rejoining the realm…

Still unreachable

The connection could not be restored.

Session expired

The server has moved on; the page needs a fresh start.